 Dungeon Crawl Stone Soup version 0.23-a0-619-g281719c (webtiles) character file.

654 Borgoz the Skirmisher (level 7, 0/58 (61) HPs)
             Began as a Ghoul Abyssal Knight on Dec 22, 2018.
             Was a Believer of Lugonu.
             Slain by an ogre
             ... wielding a +0 giant spiked club
              (11 damage)
             ... on level 5 of the Dungeon.
             The game lasted 00:06:04 (3408 turns).

Borgoz the Skirmisher (Ghoul Abyssal Knight)        Turns: 3408, Time: 00:06:05

HP:   0/58 (61)     AC: 10    Str: 26    XL:     7   Next: 54%
MP:   8/9           EV: 11    Int:  7    God:    Lugonu [**....]
Gold: 151           SH:  0    Dex: 10    Spells: 6/6 levels left

rFire    . . .     SeeInvis .   a - +2 hand axe
rCold    + . .     Gourm    .   (no shield)
rNeg     + + +     Faith    .   o - +1 scale mail
rPois    ∞         Spirit   .   r - +0 helmet
rElec    .         Reflect  .   (no cloak)
rCorr    .         Harm     .   (no gloves)
MR       .....                  n - +0 pair of boots
Stlth    ..........             (no amulet)
HPRegen  0.00/turn              u - +5 ring of strength
MPRegen  0.11/turn              (no ring)

@: mighty, rotting
A: rotting body, claws 1, carnivore, cold resistance 1, negative energy
resistance 3, inhibited regeneration, torment resistance, unbreathing
a: Depart the Abyss, Bend Space, Renounce Religion


You were on level 5 of the Dungeon.
You worshipped Lugonu.
Lugonu was pleased with you.
You were not hungry.

You visited 1 branch of the dungeon, and saw 5 of its levels.
You visited the Abyss 1 time.

You collected 151 gold pieces.

Inventory:

Hand Weapons
 a - a +2 hand axe (weapon)
Armour
 n - a +0 pair of boots (worn)
 o - a +1 scale mail (worn)
 r - a +0 helmet (worn)
Jewellery
 u - a +5 ring of strength (left claw)
Wands
 p - a wand of random effects (11)
Scrolls
 h - 5 scrolls of remove curse
 j - a scroll of enchant weapon
 k - 2 scrolls of fog
 m - a scroll of enchant armour
 t - a scroll of magic mapping {unknown}
Potions
 e - a potion of agility
 g - a potion of curing
 i - a potion of lignification {unknown}
 q - a potion of brilliance {unknown}
 s - a potion of magic {unknown}
Comestibles
 c - 8 rations


   Skills:
 + Level 5.0 Fighting
 + Level 3.6 Axes
 + Level 3.6 Armour
 + Level 3.2 Dodging
 + Level 4.2 Invocations


You had 6 spell levels left.
You didn't know any spells.
Your spell library contained the following spells:

 Spells                   Type           Power        Failure   Level  Hunger
 Sticks to Snakes         Tmut           #.......     83%         2    ###....
 Beastly Appendage        Tmut           Unusable     N/A         1    N/A
 Spider Form              Tmut/Pois      Unusable     N/A         3    N/A
 Ice Form                 Ice/Tmut       Unusable     N/A         4    N/A
 Blade Hands              Tmut           Unusable     N/A         5    N/A

Dungeon Overview and Level Annotations

Branches:
Dungeon (5/15)
 Temple: D:4-7

Altars:
Cheibriados
Dithmenos
Gozag
Makhleb
Okawaru
Trog
Vehumet

Annotations:
D:5 Eustachio


Innate Abilities, Weirdness & Mutations

Your body is rotting away.
You thrive on raw meat.
You are immune to poison.
You have sharp fingernails.
You are carnivorous and can eat meat at any time.
Your flesh is cold resistant. (rC+)
You are immune to negative energy. (rN+++)
You do not regenerate when monsters are visible.
You are immune to unholy pain and torment.
You can survive without breathing.


Message History

An ogre is nearby!
The ogre shouts!
You closely miss the ogre.
The ogre hits you with a +0 giant spiked club!!
You slash the ogre!
The ogre is moderately wounded.
The ogre hits you with a +0 giant spiked club!!
* * * LOW HITPOINT WARNING * * *
Okay, then.
Okay, then.
Unknown command.
Okay, then.
Space bends around you!
You blink.
Found a scroll of identify.
You feel very mighty all of a sudden.
Okay, then.
You slash the ogre!
The ogre is almost dead.
The ogre hits you with a +0 giant spiked club!
You die...

..........#.........#
..##......###......##
###..§..####..... ###
#..#..###...##.. ...
#..##.......## ..####
# #..##....... ..#
#....##...####. .##
##...#.O.## #
#......@## #
........# # ........#
. ..##....# .. #
##.... ... .. #....
#..# #. #.?.. ....##.
#.#... .....#.
.......


You could see an ogre.

Vanquished Creatures
  Sigmund (D:4)
  An ogre (D:5)
  A centaur (D:5)
  A crimson imp (D:5)
  A bullfrog zombie (D:5)
  A centaur skeleton (D:4)
  2 orc wizards (D:4)
  An iguana (D:4)
  3 worker ants
  2 adders (D:2)
  A dart slug (D:4)
  2 leopard geckos
  5 orcs
  6 giant cockroaches
  2 goblins
  9 hobgoblins
  8 jackals
  2 ball pythons
  8 bats
  3 frilled lizards
  A jackal skeleton (D:5)
  4 kobolds
  A leopard gecko skeleton (D:4)
  7 rats
73 creatures vanquished.

Notes
Turn   | Place    | Note
-------+----------+-------------------------------------------
     0 | Abyss:1  | Borgoz the Ghoul Abyssal Knight began the quest for the
                  | Orb.
     0 | Abyss:1  | Reached XP level 1. HP: 19/19 MP: 1/1
    60 | Abyss:1  | Noticed a large abomination
    63 | Abyss:1  | Noticed a rakshasa
    66 | D:1      | Escaped the Abyss
   163 | D:1      | Reached skill level 1 in Dodging
   382 | D:1      | Reached XP level 2. HP: 22/26 MP: 2/2
   458 | D:1      | Reached * piety under Lugonu
   957 | D:2      | Reached XP level 3. HP: 25/31 MP: 3/3
  1058 | D:2      | Found a shadowy altar of Dithmenos.
  1075 | D:2      | Found a radiant altar of Vehumet.
  1535 | D:3      | Reached XP level 4. HP: 33/40 MP: 4/4
  1563 | D:3      | Found a burning altar of Makhleb.
  1704 | D:3      | Reached ** piety under Lugonu
  1767 | D:4      | Found a snail-covered altar of Cheibriados.
  1804 | D:4      | Reached skill level 4 in Fighting
  1804 | D:4      | Reached XP level 5. HP: 39/46 MP: 6/6
  1881 | D:3      | Found an opulent altar of Gozag.
  2099 | D:4      | Noticed Sigmund
  2111 | D:4      | Killed Sigmund
  2111 | D:4      | Reached XP level 6. HP: 18/53 MP: 7/7
  2638 | D:4      | Found a bloodstained altar of Trog.
  2639 | D:4      | Found an iron altar of Okawaru.
  2720 | D:5      | Entered Level 5 of the Dungeon
  2774 | D:5      | Reached XP level 7. HP: 34/60 MP: 7/9
  2973 | D:5      | Reached skill level 5 in Fighting
  3337 | D:5      | Noticed Eustachio
  3408 | D:5      | Slain by an ogre

Vault maps used:
D:1:      minmay_arrival_loop
D:2:      marbit_many_paths, old_standard_altar
D:3:      lemuel_doored_altar, first_ration, serial_bayou_pond_b,
          grunt_gozag_breadcrumbs
D:4:      grunt_temple_overflow_bloody_war, kennysheep_slug_shrine, uniq_sigmund
D:5:      minmay_misc_feat_tower, uniq_eustachio

Skill      XL: |  1  2  3  4  5  6  7 |
---------------+----------------------+-----
Dodging        | 1 2 3 |  3.2
Axes           | 2 3 |  3.6
Armour         | 2 3 |  3.6
Fighting       | 4 5 |  5.0
Invocations    | 3 4 |  4.2

Action                   |  1- 3 |  4- 6 |  7- 9 || total
-------------------------+-------+-------+-------++-------
Melee: Hand axe          |   140 |   116 |    41 ||   297
Invok: Depart the Abyss  |     1 |       |       ||     1
       Bend Space        |       |       |     1 ||     1
  Use: Scroll            |     1 |     7 |     4 ||    12
       Potion            |       |     1 |     1 ||     2
  Eat: Chunk             |     5 |     5 |       ||    10
Armor: Leather armour    |    21 |       |       ||    21
       Scale mail        |    51 |    58 |    19 ||   128
Dodge: Dodged            |    97 |    62 |    24 ||   183

Table legend:
 A = Non-vault XP
 B = Vault XP
 C = Vault XP percentage of total XP
 D = Non-vault monster count
 E = Vault monster count
 F = Vault count percentage of total count
                 A         B        C        D         E       F
            +---------+---------+-------+---------+---------+-------
      Total |     695 |     240 |  25.7 |      67 |       6 |   8.2
            +---------+---------+-------+---------+---------+-------
        D:1 |      20 |       0 |   0.0 |      13 |       0 |   0.0
        D:2 |      46 |       1 |   2.1 |      13 |       1 |   7.1
        D:3 |      36 |       5 |  12.2 |      21 |       2 |   8.7
        D:4 |     240 |     234 |  49.4 |      14 |       3 |  17.6
        D:5 |     353 |       0 |   0.0 |       6 |       0 |   0.0
            +---------+---------+-------+---------+---------+-------
